Map: Blackpink LE

Players

Zorphian - Winner!

  • Race: Protoss Protoss
  • Spawn Location: 1:00

A.I. 1 (Harder)

  • Race: Protoss Protoss
  • Spawn Location: 7:00

VOD

Have the link to the VOD?

Description

Time

  • Played on: Dec. 13, 2017, 2:41 p.m.
  • Length: 15:47
Show
View Real Time Build Order
Export as new Build Order

Zorphian Protoss - Winner!

Build Orders: Carrier Rush 

Get SALT Encoding   

  12  0:01  Probe  
  13  0:13  Probe (Chrono Boost)  
  14  0:20  Pylon  
  14  0:25  Probe (Chrono Boost)  
  15  0:38  Gateway  
  15  0:44  Assimilator  
  15  0:46  Probe  
  16  0:58  Probe  
  17  1:10  Probe  
  18  1:14  Assimilator  
  18  1:22  Probe  
  19  1:25  Cybernetics Core  
  19  1:34  Pylon, Probe  
  20  1:44  Zealot  
  20  1:46  Probe  
  23  1:59  Forge  
  23  2:04  Cybernetics Core  
  23  2:22  Stargate  
  23  2:27  Zealot  
  25  2:37  Probe  
  26  3:03  Nexus  
  26  3:25  Fleet Beacon  
  26  3:32  Protoss Shields Level 1  
  26  3:37  Probe (Chrono Boost)  
  28  3:49  Probe (Chrono Boost)  
  28  3:51  Probe  
  29  3:55  Pylon  
  29  3:58  Pylon  
  29  4:04  Carrier (Chrono Boost), Probe  
  36  4:19  Probe  
  36  4:21  Probe  
  38  4:32  Protoss Air Armor Level 1  
  38  4:35  Protoss Air Weapons Level 1  
  38  4:52  Probe (Chrono Boost)  
  40  4:54  Probe (Chrono Boost)  
  40  4:57  Assimilator  
  40  4:58  Assimilator  
  40  5:04  Probe (Chrono Boost)  
  42  5:07  Probe (Chrono Boost)  
  42  5:08  Graviton Catapult  
  42  5:11  Probe x2 (Chrono Boost)  
  44  5:18  Probe  
  45  5:21  Twilight Council  
  45  5:26  Pylon  
  45  5:41  Photon Cannon  
  45  5:43  Photon Cannon  
  45  5:45  Photon Cannon  
  45  5:50  Photon Cannon  
  45  5:53  Probe (Chrono Boost)  
  45  5:54  Probe (Chrono Boost)  
  47  6:05  Probe (Chrono Boost)  
  47  6:07  Probe (Chrono Boost)  
  50  6:13  Protoss Shields Level 2  
  50  6:14  Probe x2 (Chrono Boost)  
  51  6:19  Probe  
  52  6:36  Carrier (Chrono Boost)  
  54  7:11  Pylon  
  54  7:15  Pylon  
  54  7:17  Nexus  
  54  7:21  Assimilator  
  54  7:24  Probe (Chrono Boost)  
  54  7:26  Assimilator, Probe (Chrono Boost)  
  56  7:36  Probe (Chrono Boost)  
  58  7:37  Probe (Chrono Boost)  
  58  7:38  Probe x2 (Chrono Boost)  
  58  7:42  Stargate  
  58  7:43  Stargate  
  60  7:45  Protoss Air Weapons Level 2  
  60  7:50  Probe  
  60  7:51  Probe  
  62  7:52  Protoss Air Armor Level 2  
  68  7:58  Carrier (Chrono Boost)  
  68  8:03  Probe x2  
  70  8:15  Probe x2  
  73  8:27  Probe x2  
  73  8:33  Protoss Shields Level 3  
  74  8:39  Probe x2  
  82  8:50  Carrier (Chrono Boost)  
  88  8:57  Carrier (Chrono Boost)  
  88  9:28  Pylon  
  88  9:31  Pylon  
  88  9:35  Pylon  
  88  9:36  Pylon  
  88  9:40  Nexus, Probe x3  
  88  9:43  Assimilator  
  88  9:44  Carrier  
  97  9:46  Assimilator  
  97  9:52  Probe x3  
  100  10:04  Probe x3  
  100  10:05  Protoss Air Weapons Level 3  
  103  10:08  Carrier x2  
  115  10:15  Protoss Air Armor Level 3  
  115  10:16  Probe x2  
  115  10:17  Probe  
  118  10:28  Probe  
  119  10:29  Probe x2  
  118  11:07  Pylon  
  118  11:09  Photon Cannon  
  118  11:11  Photon Cannon  
  118  11:12  Photon Cannon x2  
  118  11:18  Carrier  
  124  11:30  Pylon  
  124  11:31  Pylon  
  124  11:35  Pylon  
  124  11:37  Pylon  
  124  11:40  Pylon  
  124  11:42  Stargate  
  124  11:44  Stargate  
  124  11:45  Stargate  
  124  11:48  Carrier  
  124  11:49  Carrier  
  136  12:15  Photon Cannon  
  136  12:17  Photon Cannon  
  136  12:20  Carrier x3  
  136  12:22  Photon Cannon  
  136  12:24  Photon Cannon  
  136  12:25  Photon Cannon  
  136  12:26  Photon Cannon  
  136  12:31  Photon Cannon  
  136  12:33  Photon Cannon  
  154  13:06  Mothership (Chrono Boost)  
  162  13:13  Carrier x2  
  162  13:18  Carrier  
  180  13:44  Pylon  
  180  13:45  Nexus  
  180  13:46  Assimilator x2, Pylon  
  180  13:59  Carrier x2  
  180  14:02  Carrier  
  197  14:22  Probe x3  
Show
View Real Time Build Order
Export as new Build Order

A.I. 1 (Harder) Protoss 

Build Orders:  

Get SALT Encoding   

  12  0:00  Probe  
  13  0:13  Probe  
  14  0:20  Pylon  
  14  0:25  Probe  
  15  0:38  Probe  
  16  0:48  Assimilator  
  16  0:50  Probe  
  16  0:51  Gateway  
  17  1:01  Pylon  
  17  1:02  Probe  
  18  1:14  Probe  
  19  1:27  Probe  
  20  1:38  Zealot  
  22  1:41  Cybernetics Core  
  22  1:46  Gateway  
  22  1:51  Assimilator  
  22  2:07  Pylon  
  22  2:17  Adept  
  24  2:28  Warp Gate  
  24  2:32  Adept  
  26  2:44  Zealot  
  28  2:52  Pylon  
  28  2:59  Adept  
  30  3:12  Adept  
  32  3:24  Pylon  
  32  3:27  Adept  
  34  3:39  Adept  
  36  3:42  Probe  
  37  3:53  Stalker  
  37  3:54  Probe  
  40  4:00  Pylon  
  40  4:06  Adept, Probe  
  43  4:15  Forge  
  43  4:18  Probe  
  43  4:24  Zealot  
  46  4:30  Probe  
  47  4:41  Stalker  
  47  4:43  Probe  
  50  4:59  Adept  
  51  5:53  Sentry  
  51  5:54  Protoss Ground Weapons Level 1  
  51  5:55  Gateway  
  53  5:58  Pylon  
  53  6:00  Photon Cannon  
  53  6:01  Stalker, Nexus  
  55  6:16  Stalker  
  57  6:24  Sentry  
  59  6:26  Pylon  
  57  6:37  Robotics Facility  
  57  6:39  Sentry  
  47  6:47  Sentry  
  49  6:55  Zealot  
  51  7:03  Zealot  
  53  7:10  Stalker  
  55  7:17  Probe  
  55  7:18  Stalker  
  55  7:20  Probe  
  59  7:23  Assimilator  
  59  7:25  Observer  
  59  7:26  Stalker  
  59  7:29  Probe  
  63  7:32  Probe  
  63  7:34  Stalker  
  66  7:41  Probe  
  66  7:42  Stalker  
  69  7:44  Twilight Council  
  69  7:45  Probe  
  69  7:46  Observer  
  69  7:48  Protoss Ground Armor Level 1  
  71  7:53  Probe  
  71  7:57  Probe  
  73  8:01  Stalker  
  75  8:06  Probe  
  75  8:09  Probe  
  77  8:16  Photon Cannon  
  77  8:18  Probe  
  78  8:20  Pylon  
  78  8:21  Blink  
  78  8:22  Probe  
  79  8:29  Pylon  
  79  8:30  Probe  
  79  8:34  Probe  
  81  8:42  Stargate, Probe  
  81  8:46  Probe  
  83  8:50  Photon Cannon  
  83  8:54  Probe  
  84  8:57  Photon Cannon  
  84  8:58  Probe  
  85  9:06  Forge  
  85  9:43  Assimilator  
  85  10:05  Probe  
  85  10:06  Warp Prism, Phoenix  
  90  10:11  Gateway, Zealot  
  90  10:12  Stalker x2  
  92  10:15  Robotics Facility  
  92  10:16  Nexus, Zealot  
  92  10:18  Stalker x2, Stargate  
  94  10:23  Pylon  
  94  10:36  Phoenix  
  94  10:42  Warp Prism  
  94  10:43  Stalker  
  94  10:48  Stalker  
  82  10:53  Sentry  
  72  11:02  Immortal  
  74  11:07  Stalker  
  76  11:12  Stalker  
  76  11:17  Stalker, Warp Prism  
  82  11:22  Sentry  
  84  11:30  Zealot  
  86  11:34  Probe  
  86  11:35  Zealot  
  86  11:36  Probe  
  86  11:38  Probe  
  91  11:42  Observer  
  91  11:45  Protoss Ground Weapons Level 2  
  91  11:46  Probe  
  93  11:48  Probe  
  93  11:50  Probe  
  93  11:53  Immortal  
  99  11:55  Protoss Ground Armor Level 2  
  99  11:58  Probe  
  99  12:00  Probe  
  101  12:02  Probe  
  102  12:10  Probe  
  102  12:13  Probe  
  102  12:15  Probe  
  105  12:22  Probe  
  106  12:26  Probe  
  106  12:27  Probe  
  108  12:34  Protoss Air Weapons Level 1, Probe  
  109  12:45  Assimilator  
  109  12:48  Assimilator  
  109  13:07  Immortal  
  109  13:17  Void Ray  
  113  13:34  Stalker, Pylon  
  113  13:40  Void Ray  
  119  13:45  Stalker  
  119  13:50  Stalker  
  119  13:55  Pylon, Zealot  
  115  13:57  Stargate  
  115  13:59  Fleet Beacon  
  115  14:00  Stalker  
  115  14:01  Robotics Bay  
  101  14:05  Templar Archives  
  101  14:08  Zealot  
  103  14:10  Gateway  
  103  14:13  Adept, Dark Shrine  
  105  14:18  Zealot  
  105  14:20  Pylon  
  105  14:23  Zealot  
  109  14:27  Gateway  
  109  14:28  Nexus, Sentry  
  83  14:33  Stalker  
  81  14:38  Zealot  
  81  14:40  Stalker  
  81  14:43  Zealot  
  65  14:47  Zealot  
  65  14:51  Stalker  
  47  15:03  Zealot  
  47  15:06  Stalker  
  41  15:07  Zealot  
  40  15:15  Adept  
  40  15:23  Stalker  
  40  15:27  Zealot  
  21  15:28  Zealot  
  21  15:29  Probe  
  21  15:34  Stalker, Zealot  
Tags
 
Matchup
PvP
Spawn Locations
Cross Positions
Strategy
Carrier Rush
Add a new tag
Caveats
  • Supply blocks, unpowered buildings, or Contaminate may cause inaccurate times.
  • Supply counts are checked every 10 seconds.